 Dungeon Crawl Stone Soup version 0.29-a0-486-ga88943ba61 (webtiles) character file.

Game seed: 3018064614019776715

30161 MeArio the Tortoise (level 13, -10/122 HPs)
             Began as a Minotaur Fighter on May 26, 2022.
             Was the Champion of Okawaru.
             Killed from afar by an oklob plant (21 damage)
             ... with a splash of acid
             ... on level 3 of the Lair of Beasts.
             The game lasted 00:42:41 (17251 turns).

MeArio the Tortoise (Minotaur Fighter)             Turns: 17251, Time: 00:42:41

Health: -10/122    AC:  4    Str: 25    XL:     13   Next: 19%
Magic:  12/12      EV:  8    Int:  5    God:    Okawaru [******]
Gold:   153        SH:  0    Dex: 11    Spells: 12/12 levels left

rFire   . . .      SeeInvis .   q - +4 great sword (vamp)
rCold   . . .      Faith    +   (shield currently unavailable)
rNeg    + . .      Spirit   .   F - +2 plate armour {rN+}
rPois   +          Reflect  .   (helmet restricted)
rElec   .          Harm     .   i - +2 cloak
rCorr   .          Rampage  .   C - +0 pair of gloves
Will    +....                   (no boots)
Stlth   ..........              k - amulet of faith
HPRegen 0.30/turn               l - ring of willpower
MPRegen 0.13/turn               y - ring of poison resistance

@: about to teleport, corroded
A: horns 2, retaliatory headbutt
a: Renounce Religion, Heroism, Finesse, Duel


You were on level 3 of the Lair of Beasts.
You worshipped Okawaru.
Okawaru was exalted by your worship.
You visited 3 branches of the dungeon, and saw 19 of its levels.
You also visited: Ossuary.

You collected 753 gold pieces.
You spent 600 gold pieces at shops.

Inventory:

Hand Weapons
 a - a +1 spectral long sword
 b - a +2 antimagic long sword
 q - a +4 vampiric great sword (weapon)
Missiles
 h - 32 poisoned darts
 w - 3 datura-tipped darts
 B - 5 throwing nets
 M - 5 javelins
Armour
 i - a +2 cloak (worn)
 C - a +0 pair of gloves (worn)
 F - a +2 plate armour of positive energy (worn)
 O - the +3 buckler of Okawaru's Supremacy {rN+ Will+}
   (Okawaru gifted it to you on level 1 of the Lair of Beasts)

   rN:        It protects you from negative energy.
   Will:      It increases your willpower.
Jewellery
 f - an amulet of regeneration
 k - an amulet of faith (around neck)
 l - a ring of willpower (left hand)
 o - a +6 ring of strength
 u - a ring of willpower
 y - a ring of poison resistance (right hand)
 R - a +4 ring of protection
 S - a ring of ice
Wands
 D - a wand of flame (38)
 E - a wand of paralysis (9)
 H - a wand of iceblast (7) (quivered)
 I - a wand of digging (9)
 K - a wand of polymorph (9)
 L - a wand of acid (9)
 N - a wand of mindburst (8)
Scrolls
 e - a scroll of teleportation
 m - 4 scrolls of amnesia
 p - 2 scrolls of fear
 s - 5 scrolls of magic mapping
 z - a scroll of enchant armour
 G - 5 scrolls of enchant weapon
 P - a scroll of identify
 Q - 2 scrolls of brand weapon
Potions
 c - 4 potions of resistance
 d - 4 potions of might
 g - 7 potions of flight
 j - 4 potions of curing
 n - 5 potions of mutation
 r - 4 potions of brilliance
 t - 3 potions of berserk rage
 v - a potion of cancellation {unknown}
 x - 2 potions of haste
 A - 2 potions of heal wounds
 J - a potion of invisibility {unknown}


   Skills:
 + Level 13.6 Fighting
 + Level 13.4 Long Blades
 + Level 15.0 Armour
 - Level 9.6 Shields
 + Level 7.5 Evocations


You had 12 spell levels left.
You didn't know any spells.
Your spell library contained the following spells:

 Spells                   Type           Power      Damage    Failure   Level
 Apportation              Tloc           0%         N/A       98%         1
 Slow                     Hex            0%         N/A       98%         1
 Sting                    Tmut/Pois      0%         1d3       98%         1
 Ensorcelled Hibernation  Hex/Ice        0%         N/A       99%         2
 Passwall                 Tmut/Erth      0%         N/A       99%         2
 Poisonous Vapours        Pois/Air       0%         N/A       99%         2
 Confusing Touch          Hex            0%         N/A       100%        3
 Gell's Gravitas          Tloc           0%         N/A       100%        3
 Lesser Beckoning         Tloc           0%         N/A       100%        3
 Portal Projectile        Hex/Tloc       0%         N/A       100%        3
 Swiftness                Air            0%         N/A       100%        3
 Teleport Other           Tloc           0%         N/A       100%        3
 Vampiric Draining        Necr           0%         2d6       100%        3
 Corpse Rot               Necr/Pois/Air  0%         N/A       100%        4
 Dispel Undead            Necr           0%         3d6       100%        4
 Olgreb's Toxic Radiance  Pois           0%         N/A       100%        4
 Alistair's Intoxication  Tmut/Pois      0%         N/A       100%        5
 Blade Hands              Tmut           0%         N/A       100%        5
 Tukima's Dance           Hex            Unusable   N/A       N/A         3
 Death Channel            Necr           Unusable   N/A       N/A         6

Dungeon Overview and Level Annotations

Branches:
Dungeon (12/15)            Temple (1/1) D:4            Lair (6/6) D:9
Ossuary (visited)
  Swamp: Lair:2-4    Shoals: Lair:2-4     Snake: Lair:2-4    Spider: Lair:2-4
  Slime: Lair:5-6       Orc: D:9-12

Altars:
Ashenzari
Cheibriados
Dithmenos
Elyvilon
Fedhas
Gozag
Hepliaklqana
Kikubaaqudgha
Makhleb
Nemelex Xobeh
Okawaru
Qazlal
Ru
Sif Muna
Trog
Uskayaw
Vehumet
Wu Jian
Xom
Yredelemnul
Zin
The Shining One
Jiyva

Shops:
D:2 *   D:7 =

Annotations:
D:3 2 transporters, Dwachs's ghost, amateur FoHu
D:9 3 runed translucent doors, haldagan's ghost, novice KoMo
Lair:3 exclusion: 2 oklob plants


Innate Abilities, Weirdness & Mutations

You have a pair of horns on your head.
You reflexively headbutt those who attack you in melee.


Message History

Found 19 gold pieces.
The oklob plant spits acid at you. The splash of acid hits you!!
The acid corrodes you!
Marking area around an oklob plant as unsafe for travelling.
Really walk into a travel-excluded area?
An oklob plant comes into view.
The oklob plant spits acid at you. The splash of acid hits you!
The acid corrodes you!
Marking area around an oklob plant as unsafe for travelling.
The oklob plant spits acid at you. The splash of acid hits you!
You see here 9 gold pieces.
You slash the oklob plant!
You feel better.
You headbutt the oklob plant, but do no damage.
The oklob plant is moderately damaged.
You completely miss the oklob plant.
The oklob plant is moderately damaged.
The oklob plant spits acid at you. The splash of acid hits you!
You hit the oklob plant but do no damage.
The oklob plant is moderately damaged.
The oklob plant spits acid at you. The splash of acid hits you!
The oklob plant spits acid at you. The splash of acid hits you!!
The acid corrodes you!
You hit the oklob plant but do no damage.
The oklob plant is moderately damaged.
The oklob plant spits acid at you. The splash of acid hits you!
* * * LOW HITPOINT WARNING * * *
The acid corrodes you!
As you read the scroll of teleportation, it crumbles to dust.
You feel strangely unstable. The oklob plant spits acid at you.
The splash of acid hits you!
* * * LOW HITPOINT WARNING * * *
The acid corrodes you! The oklob plant spits acid at you.
The splash of acid hits you!!
You die...

##..............
#.........#.....
#..........##...
#..........♣ ♣♣.
#....♣♣♣♣♣♣♣
#.#..♣♣♣♣.♣♣
##....♣♣.♣.♣♣♣♣♣
#...♣.♣♣.♣..♣P♣
#...♣.♣.♣♣♣.@$♣
#...♣♣.♣♣ ♣$_$♣
##..♣.♣.♣♣P$$♣♣
#..♣♣ ♣♣♣♣♣♣♣
#... #..


You could see 2 oklob plants.

Vanquished Creatures
  A catoblepas (Lair:2)
  Harold (D:9)
  2 boulder beetles
  2 two-headed ogres
  2 hydras
  Pikel (D:5)
  The ghost of Shavain the Chopper, a novice DsBe of Trog (D:7)
  Joseph (D:8)
  An elephant (D:9)
  4 black mambas
  5 cane toads
  A torpor snail (Lair:1)
  Psyche (D:8)
  A rime drake (Lair:4)
  2 komodo dragons
  9 trolls
  12 blink frogs
  2 polar bears (Lair:2)
  Sigmund (D:3)
  A shadow (D:10)
  3 wyverns
  45 yaks
  2 basilisks
  4 vampire mosquitoes (D:11)
  3 redbacks (Lair:3)
  A steam dragon (Lair:4)
  An acid dragon (D:11)
  8 water moccasins
  A sky beast (D:7)
  5 orc warriors
  4 black bears
  A centaur (D:8)
  16 wolves
  2 ogres (D:5)
  2 kobold brigands (D:8)
  7 bullfrogs
  A gnoll sergeant (D:5)
  10 scorpions
  13 wights
  6 killer bees (D:9)
  2 spectral centaurs (D:7)
  A crimson imp (D:8)
  2 jellies (D:7)
  2 centaur zombies (Ossuary)
  3 hounds
  2 human zombies (Ossuary)
  6 orc priests
  A centaur skeleton (D:7)
  5 iguanas
  13 orc wizards
  2 scorpion zombies (Ossuary)
  4 mummies
  7 adders
  4 gnolls
  A shadow imp (D:7)
  2 white imps
  2 worms (D:2)
  2 dart slugs
  34 orcs
  3 ball pythons
  5 bats
  6 endoplasms
  5 giant cockroaches
  12 goblins
  17 hobgoblins
  11 kobolds
  5 quokkas
  4 frilled lizards
  2 hobgoblin zombies (Ossuary)
  2 kobold zombies (Ossuary)
  2 orc zombies (Ossuary)
  6 rats
361 creatures vanquished.

Vanquished Creatures (others)
  29 fungi
  43 plants
72 creatures vanquished.

Grand Total: 433 creatures vanquished

Notes
Turn   | Place    | Note
-------+----------+-------------------------------------------
     0 | D:1      | MeArio the Minotaur Fighter began the quest for the Orb.
     0 | D:1      | Reached XP level 1. HP: 19/19 MP: 0/0
   417 | D:1      | Reached XP level 2. HP: 27/27 MP: 1/1
   616 | D:1      | Reached skill level 4 in Armour
   688 | D:1      | Reached XP level 3. HP: 33/33 MP: 2/2
   734 | D:1      | Found a faded altar of an unknown god.
  1054 | D:2      | Found Afaisibb's General Store.
  1346 | D:2      | Reached XP level 4. HP: 40/40 MP: 3/3
  1353 | D:2      | Found a white marble altar of Elyvilon.
  1931 | D:3      | Found a shimmering altar of Xom.
  1975 | D:3      | Noticed a necrophage
  2000 | D:3      | Identified the +7 whip of the Abyss {flame, rN+}
  2070 | D:3      | Found a transporter.
  2083 | D:3      | Noticed Dwachs's ghost (amateur FoHu)
  2084 | D:3      | Found a transporter.
  2194 | D:3      | Noticed Sigmund
  2202 | D:3      | Killed Sigmund
  2203 | D:3      | Reached skill level 5 in Fighting
  2203 | D:3      | Reached skill level 5 in Armour
  2203 | D:3      | Reached skill level 5 in Shields
  2203 | D:3      | Reached XP level 5. HP: 48/48 MP: 4/4
  2455 | D:3      | Reached XP level 6. HP: 37/56 MP: 5/5
  2826 | D:4      | Identified the +1 robe "Ibitz" {rC+ SInv Stlth+}
  2829 | D:4      | Found a sand-covered staircase.
  2974 | Ossuary  | Entered an ossuary
  3129 | Ossuary  | Reached XP level 7. HP: 62/62 MP: 6/6
  3143 | Ossuary  | Reached skill level 5 in Long Blades
  3411 | Ossuary  | Reached skill level 6 in Armour
  3974 | Ossuary  | Reached XP level 8. HP: 41/71 MP: 7/7
  4235 | D:4      | Found a radiant altar of Vehumet.
  4291 | D:4      | You fall into a shaft and drop 3 floors!
  4527 | D:5      | Entered Level 5 of the Dungeon
  4706 | D:4      | Found a staircase to the Ecumenical Temple.
  4716 | Temple   | Entered the Ecumenical Temple
  4790 | Temple   | Became a worshipper of Warmaster Okawaru
  4837 | D:4      | Found a burning altar of Makhleb.
  4954 | D:4      | Found a bloodstained altar of Trog.
  5641 | D:5      | Noticed Pikel
  5676 | D:5      | Killed Pikel
  5677 | D:5      | Reached skill level 7 in Armour
  5869 | D:5      | Reached skill level 8 in Armour
  6287 | D:6      | Reached XP level 9. HP: 80/80 MP: 8/8
  6792 | D:6      | Found a sparkling altar of Nemelex Xobeh.
  7128 | D:6      | Reached skill level 9 in Armour
  7136 | D:6      | Reached * piety under Okawaru
  8543 | D:7      | Reached skill level 10 in Armour
  8565 | D:7      | Found a sacrificial altar of Ru.
  8627 | D:7      | Found Qufeckal's Jewellery Shoppe.
  8755 | D:7      | Found a runed translucent gate.
  8756 | D:7      | Found a runed translucent gate.
  8757 | D:7      | Found a runed translucent gate.
  8758 | D:7      | Noticed Shavain's ghost (novice DsBe)
  8803 | D:7      | Found a stormy altar of Qazlal.
  9134 | D:7      | Killed Shavain's ghost
  9134 | D:7      | Reached ** piety under Okawaru
  9481 | D:8      | Reached XP level 10. HP: 90/90 MP: 3/9
  9620 | D:8      | Noticed Psyche
  9628 | D:8      | Killed Psyche
  9713 | D:8      | Found a hazy altar of Hepliaklqana.
  9715 | D:8      | Noticed a two-headed ogre
  9738 | D:8      | Killed a two-headed ogre
  9738 | D:8      | Reached *** piety under Okawaru
  9739 | D:8      | Reached skill level 11 in Armour
  9988 | D:8      | Noticed Joseph
 10015 | D:8      | Killed Joseph
 10329 | D:8      | Identified the +2 ring mail of Ogauvoirr {Int+4 Dex+3}
 10696 | D:8      | Reached **** piety under Okawaru
 10697 | D:8      | Reached skill level 1 in Evocations
 10803 | D:9      | Found a runed translucent gate.
 10803 | D:9      | Found a runed translucent gate.
 10803 | D:9      | Found a runed translucent gate.
 10804 | D:9      | Noticed haldagan's ghost (novice KoMo)
 10864 | D:9      | Found a viscous altar of Jiyva.
 10876 | D:9      | Noticed Harold
 10893 | D:9      | Killed Harold
 10894 | D:9      | Reached skill level 10 in Fighting
 10894 | D:9      | Reached skill level 12 in Armour
 10974 | D:9      | Found a hide-covered altar of Uskayaw.
 10996 | D:9      | Found a glowing silver altar of Zin.
 11002 | D:9      | Noticed an elephant
 11024 | D:9      | Killed an elephant
 11024 | D:9      | Reached ***** piety under Okawaru
 11025 | D:9      | Reached skill level 10 in Long Blades
 11025 | D:9      | Reached XP level 11. HP: 71/101 MP: 10/10
 11063 | D:9      | Found a staircase to the Lair.
 11377 | D:10     | Entered Level 10 of the Dungeon
 11613 | D:10     | Found a shadowy altar of Dithmenos.
 11869 | D:10     | Found an ancient bone altar of Kikubaaqudgha.
 11887 | D:10     | Received a gift from Okawaru
 12311 | D:11     | Noticed a two-headed ogre
 12324 | D:11     | Killed a two-headed ogre
 12325 | D:11     | Reached skill level 13 in Armour
 12327 | D:11     | Noticed a boulder beetle
 12339 | D:11     | Killed a boulder beetle
 12840 | D:11     | Reached skill level 5 in Evocations
 13131 | D:12     | Received a gift from Okawaru
 13179 | D:12     | Reached XP level 12. HP: 112/112 MP: 11/11
 13339 | D:7      | Bought an amulet of faith for 600 gold pieces
 13458 | Lair:1   | Entered Level 1 of the Lair of Beasts
 13632 | Lair:1   | Identified the amulet "Govus" {Spirit Int+6}
 13679 | Lair:1   | Found an ornate altar of the Wu Jian Council.
 13679 | Lair:1   | Found a hide-covered altar of Uskayaw.
 13679 | Lair:1   | Noticed a boulder beetle
 13695 | Lair:1   | Killed a boulder beetle
 13727 | Lair:1   | Reached ****** piety under Okawaru
 13776 | Lair:1   | Reached skill level 14 in Armour
 13798 | Lair:1   | Identified the +3 buckler of Okawaru's Supremacy {rN+
                  | Will+} (Okawaru gifted it to you on level 1 of the Lair of
                  | Beasts)
 13798 | Lair:1   | Received a gift from Okawaru
 14817 | Lair:2   | Noticed a catoblepas
 14831 | Lair:2   | Killed a catoblepas
 14831 | Lair:2   | Noticed a seven-headed hydra
 15328 | Lair:2   | Killed a seven-headed hydra
 16247 | Lair:3   | You fall into a shaft and drop 3 floors!
 16247 | Lair:6   | Entered Level 6 of the Lair of Beasts
 16247 | Lair:6   | Noticed a five-headed hydra
 16252 | Lair:6   | Noticed a boulder beetle
 16252 | Lair:6   | Noticed a five-headed hydra
 16279 | Lair:4   | Noticed a death yak
 16282 | Lair:4   | Noticed a death yak
 16283 | Lair:4   | Noticed a death yak
 16284 | Lair:4   | Noticed a death yak
 16501 | Lair:4   | Reached XP level 13. HP: 55/122 MP: 12/12
 16941 | Lair:4   | Reached skill level 15 in Armour
 17241 | Lair:3   | Found a blossoming altar of Fedhas.
 17251 | Lair:3   | Killed from afar by an oklob plant

Illustrated notes

Levels and vault maps discovered:
D:1:      amcnicky_arrival_choice, layout_rooms,
          dreamdust_ecumenical_altar_statues, minmay_misc_feat_alley
D:2:      layout_rooms, basic_altar, serial_shops, shop,
          minmay_misc_feat_nine_boxes, corexii_hall_statues_s,
          minmay_pentomino_pile
D:3:      layout_basic, overflow_temple_1_default, gammafunk_ghost_mausoleum,
          uniq_sigmund
D:4:      layout_layer_cave, bloody_makhleb, nicolae_vehumet_radiance,
          bloody_trog, gup_ossuary_entry_pyramid
D:5:      layout_rooms, uniq_pikel
D:6:      layout_basic, nemelex_spade_bored_becter, serial_rivers,
          chequers_serial_rivers_micro_e, chequers_serial_rivers_large_b,
          chequers_serial_rivers_micro_c, chequers_serial_rivers_room_a,
          chequers_serial_rivers_micro_d, chequers_serial_rivers_small_b,
          minmay_misc_feat_roman, chequers_serial_rivers_micro_b
D:7:      layout_rooms, nicolae_ru_awakened_eye,
          mainiacjoe_overflow_surrounded_room, serial_shops,
          nicolae_diamond_shop, gammafunk_ghost_necromancy
D:8:      layout_loops_cross, mainiacjoe_overflow_concentric_impassable,
          hangedman_decor_points, minmay_fire_ice_demons, uniq_psyche,
          uniq_joseph
D:9:      layout_small_grid, mainiacjoe_overflow_boulevard,
          mainiacjoe_overflow_brackets, david_lair_generic,
          gammafunk_ghost_ooze, uniq_harold
D:10:     layout_loops_cross, mainiacjoe_overflow_six_doors_small,
          lemuel_round_altar, minmay_misc_feat_tiny
D:11:     layout_gridville, serial_co_window_serial, co_window_corner_a,
          co_window_paths_b, co_window_paths_a, co_window_paths_a,
          co_window_paths_b, co_window_paths_c, co_window_corner_b,
          co_window_broadway_b, glass_columns_c, glass_columns_a,
          glass_columns_c, glass_columns_a, glass_columns_a
D:12:     minmay_stepped, layout_basic, david_orc_4, enter_trove_1,
          hangedman_corner_corridor, uniq_fannar, uniq_kirke
Temple:   compressed_dpeg_circular_temple
Lair:1:   layout_cave_pods, chequers_serial_rivers_micro_c,
          nzn_masters_of_martial_movement
Lair:2:   layout_regular_city
Lair:3:   layout_cave_pods, minmay_swamp_entry_worms, spider_nest_entry_webs,
          hangedman_tree_tricks, uniq_gastronok, uniq_rupert
Lair:4:   layout_loops_ring, grunt_forest_stairs_basic, lemuel_oklob_altar,
          grunt_megastairs_2, uniq_nessos
Lair:5:   layout_long_grid, small_statue_intersection
Lair:6:   wormcave, layout_cave_pods, slime_dummy, special_room
          [special_room_bee], chequers_serial_rivers_small_a, grunt_megastairs_1

Skill      XL: |  1  2  3  4  5  6  7  8  9 10 11 12 13 |
---------------+----------------------------------------+-----
Shields        | 4 5 6 7 9 |  9.6
Fighting       | 4 5 6 7 8 10 11 13 | 13.6
Armour         | 4 5 6 8 10 12 13 14 15 | 15.0
Long Blades    | 3 4 6 7 8 10 11 13 | 13.4
Evocations     | 2 5 7 |  7.5

Action                   |  1- 3 |  4- 6 |  7- 9 | 10-12 | 13-15 || total
-------------------------+-------+-------+-------+-------+-------++-------
Melee: Long sword        |   107 |    95 |   425 |   111 |       ||   738
       Headbutt          |    16 |    24 |    76 |   160 |    12 ||   288
       Great sword       |       |       |       |   595 |    62 ||   657
Throw: Dart              |       |       |       |    12 |       ||    12
Evoke: Wand              |       |       |       |     4 |     5 ||     9
  Use: Scroll            |       |    10 |     3 |    20 |     1 ||    34
       Potion            |       |     1 |     2 |     4 |       ||     7
Armor: Scale mail        |    38 |    33 |    71 |       |       ||   142
       Plate armour      |       |       |   191 |   645 |    73 ||   909
Dodge: Dodged            |    40 |    42 |   117 |   349 |    30 ||   578
Block: Buckler           |    16 |    14 |    92 |    34 |       ||   156

Table legend: (Time is in decaauts)
 A = Elapsed time spent in this place.
 B = Non-inter-level travel time spent in this place.
 C = Inter-level travel time spent in this place.
 D = Time resting spent in this place.
 E = Time spent auto-exploring this place.
 F = Levels seen in this place.
 G = Mean time per level.
                   A        B        C        D        E       F      G
               +--------+--------+--------+--------+--------+-----+--------+
         Total |  17463 |  16778 |    685 |   1908 |  10937 |  20 |  873.2 |
       Dungeon |  12293 |  11679 |    614 |    806 |   7992 |  12 | 1024.4 |
        Temple |     99 |     74 |     25 |      0 |     66 |   1 |   99.0 |
          Lair |   3825 |   3779 |     46 |    812 |   2215 |   6 |  637.5 |
       Ossuary |   1244 |   1244 |      0 |    290 |    664 |   1 | 1244.0 |
               +--------+--------+--------+--------+--------+-----+--------+

Top non-repeatable levels by time:
     D:6: 1813 daAuts
     D:7: 1369 daAuts
  Lair:2: 1346 daAuts
  Lair:1: 1288 daAuts
 Ossuary: 1244 daAuts
     D:8: 1201 daAuts
     D:5: 1121 daAuts
     D:4: 1103 daAuts
     D:1: 1074 daAuts
     D:3: 949 daAuts
    D:11: 937 daAuts
     D:9: 852 daAuts
     D:2: 843 daAuts
    D:10: 832 daAuts
  Lair:4: 704 daAuts
